 Dungeon Crawl Stone Soup version 0.22.0-32-gbc6daba (webtiles) character file.

18 Monsterracer the Firebug (level 2, 0/13 HPs)
             Began as a Vine Stalker Fire Elementalist on Aug 23, 2018.
             Slain by a hobgoblin (2 damage)
             ... on level 1 of the Dungeon.
             The game lasted 00:01:05 (547 turns).

Monsterracer the Firebug (VSFE)                      Turns: 547, Time: 00:01:06

Health: 0/13       AC:  2    Str: 10    XL:     2   Next: 70%
Magic:  0/6        EV: 12    Int: 15    God:
Gold:   0          SH:  0    Dex: 14    Spells: 4/5 levels left

rFire    . . .     SeeInvis .     - Unarmed
rCold    . . .     Gourm    .   (no shield)
rNeg     . . .     Faith    .   a - +0 robe
rPois    .         Spirit   +   (no helmet)
rElec    .         Reflect  .   (no cloak)
rCorr    .         Harm     .   (no gloves)
MR       .....                  (no boots)
Stlth    ++........             (no amulet)
HPRegen  0.04/turn              (no ring)
MPRegen  0.10/turn              (no ring)

@: no status effects
A: fangs 2, magic shield, antimagic bite, no potion heal 3, rot immunity
a: no special abilities


You were on level 1 of the Dungeon.
You were not hungry.

You visited 1 branch of the dungeon, and saw 1 of its levels.

Inventory:

Armour
 a - a +0 robe (worn)
Scrolls
 b - a scroll of remove curse {unknown}
Potions
 d - a potion of lignification {unknown}
Comestibles
 c - a ration


   Skills:
 - Level 1.5 Dodging
 - Level 2.4 Stealth
 * Level 2.2 Unarmed Combat
 - Level 2.1 Spellcasting
 - Level 1.0 Conjurations
 - Level 3.0 Fire Magic


You had 4 spell levels left.
You knew the following spells:

 Your Spells              Type           Power        Failure   Level  Hunger
a - Flame Tongue          Conj/Fire      #....        10%         1    #......

Your spell library contained the following spells:

 Spells                   Type           Power        Failure   Level  Hunger
 Throw Flame              Conj/Fire      #.....       14%         2    ###....
 Conjure Flame            Conj/Fire      #.......     28%         3    ###....
 Inner Flame              Hex/Fire       #.......     34%         3    ###....
 Sticky Flame             Conj/Fire      #.......     67%         4    #####..
 Fireball                 Conj/Fire      #.........   95%         5    ######.


Dungeon Overview and Level Annotations

Branches:
Dungeon (1/15)

Altars:


Innate Abilities, Weirdness & Mutations

You have extremely sharp teeth.
When hurt, damage is shared between your health and your magic reserves.
Your bite disrupts and absorbs the magic of your enemies.
Potions cannot restore your health.
You are immune to rotting.


Message History

The giant cockroach is heavily wounded.
The giant cockroach barely misses you.
The giant cockroach bites you but does no damage.
All of the chunks of flesh in your inventory have rotted away.
You hit the giant cockroach but do no damage.
You bite the giant cockroach, but do no damage.
The giant cockroach is heavily wounded.
The giant cockroach bites you but does no damage.
You hit the giant cockroach.
You kill the giant cockroach!
You barely miss the giant cockroach. The giant cockroach misses you.
You hit the giant cockroach.
You bite the giant cockroach, but do no damage.
The giant cockroach is moderately wounded.
The giant cockroach bites you but does no damage.
You hit the giant cockroach.
You kill the giant cockroach!
You barely miss the kobold.
A hobgoblin comes into view.
The kobold hits you with a dagger.
* * * LOW HITPOINT WARNING * * *
You take 2 damage, and have 6/13 hp.
You now have 1/6 mp.
Casting: Flame Tongue (safe; 10% risk of failure)
Confirm with . or Enter, or press ? or * to list all spells.
Aiming: Flame Tongue (safe; 10% risk of failure)
Press: ? - help, Shift-Dir - straight line, f - kobold
Aim: a kobold, wielding a dagger and wearing a chain mail The flame tongue hits the kobold.
The kobold is severely wounded.
The hobgoblin shouts!
The kobold hits you with a dagger.
* * * LOW HITPOINT WARNING * * *
You take 4 damage, and have 2/13 hp.
MASSIVE DAMAGE!!
You now have 0/6 mp.
The hobgoblin hits you but does no damage.
The hobgoblin closely misses you.
Casting: Flame Tongue (safe; 10% risk of failure)
Confirm with . or Enter, or press ? or * to list all spells.
Aiming: Flame Tongue (safe; 10% risk of failure)
Press: ? - help, Shift-Dir - straight line, f/p - kobold
Aim: a kobold, wielding a dagger and wearing a chain mail (severely wounded)
The flame tongue misses the hobgoblin.
The flame tongue hits the kobold.
You kill the kobold!
The hobgoblin barely misses you.
You now have 0/6 mp.
You see here a hobgoblin skeleton.
Found a stone staircase leading down.
Found 23 stones.
Casting: Flame Tongue (safe; 10% risk of failure)
Confirm with . or Enter, or press ? or * to list all spells.
Aiming: Flame Tongue (safe; 10% risk of failure)
Press: ? - help, Shift-Dir - straight line, f - hobgoblin
Aim: a hobgoblin The flame tongue hits the hobgoblin.
The hobgoblin is severely wounded.
The hobgoblin barely misses you.
You now have 0/6 mp.
A goblin comes into view. It is wielding a dagger.
There is an open door here.
Casting: Flame Tongue (safe; 10% risk of failure)
Confirm with . or Enter, or press ? or * to list all spells.
Aiming: Flame Tongue (safe; 10% risk of failure)
Press: ? - help, Shift-Dir - straight line, f/p - hobgoblin
Aim: a hobgoblin (severely wounded)
The flame tongue misses the hobgoblin.
The flame tongue hits the rat.
The rat appears unharmed.
You now have 0/6 mp.
The hobgoblin hits you but does no damage.
Items here: $ ) [ † a dagger; a chain mail; 22 gold pieces; a kobold corpse
Casting: Flame Tongue (safe; 10% risk of failure)
Confirm with . or Enter, or press ? or * to list all spells.
Aiming: Flame Tongue (safe; 10% risk of failure)
Press: ? - help, Shift-Dir - straight line, f/p - hobgoblin
Aim: a hobgoblin (severely wounded)
You miscast Flame Tongue.
You are very lightly contaminated with residual magic.
Nothing appears to happen.
You now have 0/6 mp.
There is an open door here.
Casting: Flame Tongue (safe; 10% risk of failure)
Confirm with . or Enter, or press ? or * to list all spells.
Aiming: Flame Tongue (safe; 10% risk of failure)
Press: ? - help, Shift-Dir - straight line, f/p - hobgoblin
Aim: a hobgoblin (moderately wounded)
The flame tongue hits the hobgoblin.
The hobgoblin appears unharmed.
The hobgoblin is moderately wounded.
The hobgoblin hits you.
* * * LOW HITPOINT WARNING * * *
You take 2 damage, and have 2/13 hp.
You now have 0/6 mp.
Your magical contamination has completely faded away.
You see here a club.
Casting: Flame Tongue (safe; 10% risk of failure)
Confirm with . or Enter, or press ? or * to list all spells.
Aiming: Flame Tongue (safe; 10% risk of failure)
Press: ? - help, Shift-Dir - straight line, f/p - hobgoblin
Aim: a hobgoblin (moderately wounded)
The flame tongue hits the hobgoblin.
The hobgoblin is heavily wounded.
The hobgoblin hits you.
You die...

...#†....##.#
...#.###.##.# ...'.#
#.##.# ...#####.##.#
####### ...'†....##.####
#.r...#
...###.........####.###r#
..÷...)........'....# #.#
.####.(........########.#
...............)@gr.....#
###########.######.######
...####..##........#
###.##(##.#####.####
##.####.#.#.....#
##.##..##.#.##..#
.#....####..##..# .#.####
##.##.## ###. #....#


You could see a hobgoblin and a rat.

Vanquished Creatures
  5 giant cockroaches (D:1)
  A goblin (D:1)
  4 hobgoblins (D:1)
  A frilled lizard (D:1)
  3 kobolds (D:1)
  A rat (D:1)
15 creatures vanquished.

Notes
Turn   | Place    | Note
-------+----------+-------------------------------------------
     0 | D:1      | Monsterracer the Vine Stalker Fire Elementalist began the quest for the Orb.
     0 | D:1      | Reached XP level 1. HP: 9/9 MP: 4/4
   204 | D:1      | Reached skill level 1 in Unarmed Combat
   216 | D:1      | Reached XP level 2. HP: 13/13 MP: 0/6
   255 | D:1      | HP: 6/13 [hobgoblin (2)]
   484 | D:1      | HP: 6/13 [kobold/dagger (2)]
   485 | D:1      | HP: 2/13 [kobold/dagger (4)]
   531 | D:1      | HP: 2/13 [hobgoblin (2)]
   547 | D:1      | Slain by a hobgoblin

Skill      XL: |  1  2 |
---------------+-------+-----
Unarmed Combat | 1 2 |  2.2
Dodging        | |  1.5
Stealth        | |  2.4
Spellcasting   | |  2.1
Conjurations   | |  1.0
Fire Magic     | |  3.0

Action                   || total
-------------------------++-------
Melee: Unarmed           ||    45
       Bite              ||     8
 Cast: Flame Tongue      ||    25
Armor: Robe              ||    14
Dodge: Dodged            ||    36

Vault maps used:
D:1:      dpeg_arrival_signposts
